 Dungeon Crawl Stone Soup version 0.28.0-62-gf88900778d (webtiles) character file.

Game seed: 7037731228912249589

7840 cbfl8 the Cleaver (level 11, -1/97 HPs)
             Began as a Minotaur Berserker on Apr 20, 2023.
             Was a High Priest of Trog.
             Succumbed to a redback's poison
             ... on level 9 of the Dungeon.
             The game lasted 00:11:21 (11826 turns).

cbfl8 the Cleaver (Minotaur Berserker)             Turns: 11826, Time: 00:11:22

Health: -1/97      AC: 15    Str: 22    XL:     11   Next: 2%
Magic:  10/10      EV: 11    Int:  4    God:    Trog [*****.]
Gold:   477        SH:  5    Dex: 14    Spells: 10/10 levels left

rFire   + . .      SeeInvis +   H - +5 broad axe (flame)
rCold   + . .      Faith    +   x - +0 buckler
rNeg    . . .      Spirit   .   F - +3 chain mail
rPois   .          Reflect  .   (helmet restricted)
rElec   .          Harm     .   o - scarf {rC+ rF+}
rCorr   .          Rampage  .   (no gloves)
Will    ++...      Clarity  +   p - +0 pair of boots
Stlth   ..........              d - amulet of faith
HPRegen 1.26/turn               u - ring of see invisible
MPRegen 0.12/turn               (no ring)

@: lethally poisoned (-1 -> -20), strong-willed, on berserk cooldown,
regenerating, slowed, very slow
A: horns 2, retaliatory headbutt, clarity, MP-powered wands, sturdy frame 1
a: Renounce Religion, Berserk, Trog's Hand, Brothers in Arms


You were on level 9 of the Dungeon.
You worshipped Trog.
Trog was extremely pleased with you.
You visited 1 branch of the dungeon, and saw 9 of its levels.
You also visited: Ossuary.

You collected 477 gold pieces.

Inventory:

Hand Weapons
 H - a +5 broad axe of flaming (weapon)
Missiles
 B - a throwing net (quivered)
Armour
 o - a scarf of resistance (worn)
 p - a +0 pair of boots (worn)
 x - a +0 buckler (worn)
 y - the +1 hat "Zucvet" {Harm rN+++ Str-4 Int-5}
   (You found it on level 9 of the Dungeon)

   Str:       It affects your strength (-4).
   Int:       It affects your intelligence (-5).
   rN:        It renders you almost immune to negative energy.
   Harm:      It increases damage dealt and taken.
 F - a +3 chain mail (worn)
Jewellery
 d - an amulet of faith (around neck)
 u - a ring of see invisible (left hand)
Wands
 n - a wand of flame (8)
Scrolls
 a - 2 scrolls of fog
 b - 2 scrolls of holy word
 f - 2 scrolls of immolation
 k - 4 scrolls of noise
 l - 2 scrolls of enchant armour
 m - 2 scrolls of summoning
 q - 8 scrolls of teleportation
 r - a scroll of acquirement {unknown}
 z - a scroll of fear
 A - a scroll of enchant weapon
 D - 2 scrolls of magic mapping
 E - a scroll of blinking {unknown}
Potions
 c - a potion of berserk rage {unknown}
 e - 2 potions of degeneration {unknown}
 g - 2 potions of haste
 h - 3 potions of might {unknown}
 i - a potion of attraction {unknown}
 j - 2 potions of lignification {unknown}
 s - a potion of resistance {unknown}
 t - a potion of magic {unknown}
 v - 2 potions of mutation
 w - 2 potions of curing {unknown}
 C - a potion of brilliance {unknown}
 G - a potion of heal wounds {unknown}


   Skills:
 * Level 9.2 Fighting
 + Level 11.0 Axes
 * Level 8.8 Armour
 * Level 6.8 Dodging
 + Level 4.4 Stealth
 * Level 4.2 Shields
 * Level 5.6 Evocations


You had 10 spell levels left.
You didn't know any spells.
Your spell library was empty.

Dungeon Overview and Level Annotations

Branches:
Dungeon (9/15)             Temple (0/1) D:6            Lair (0/6) D:9
Ossuary (visited)
    Orc: D:9-12

Altars:
Ashenzari
Dithmenos
Gozag
Hepliaklqana
Okawaru
Sif Muna
Trog
Xom
Zin
Beogh

Annotations:
D:7 2 transporters, Nonny's ghost, novice VSGl
D:9 5 runed translucent doors


Innate Abilities, Weirdness & Mutations

You have a pair of horns on your head.
You reflexively headbutt those who attack you in melee.
You possess an exceptional clarity of mind.
You expend magic power (3 MP) to strengthen your wands.
Your movements are slightly less encumbered by armour. (ER -2)


Message History

Okay, then.
Your skin crawls.
You feel strong-willed.
You feel very sick.
The redback bites you but does no damage.
A red film seems to cover your vision as you go berserk!
You feel yourself moving faster!
You feel mighty!
You feel very sick. The redback bites you!
You are lethally poisoned!
The redback poisons you!
The redback bites you but does no damage.
You barely miss the redback. Your headbutt misses the redback.
The redback is almost dead.
* * * LOW HITPOINT WARNING * * *
You feel extremely sick. The redback barely misses you.
You furiously retaliate!
You headbutt the redback!
You kill the redback!
Trog accepts your kill.
There is a lethal amount of poison in your body!
You are too berserk!
* * * LOW HITPOINT WARNING * * *
You feel extremely sick.
You feel a strong urge to attack something.
* * * LOW HITPOINT WARNING * * *
You feel extremely sick.
* * * LOW HITPOINT WARNING * * *
You feel extremely sick.
You feel your anger nearly subside.
You are no longer berserk.
You are exhausted.
You feel yourself slow down.
* * * LOW HITPOINT WARNING * * *
You feel very sick.
You see here the +4 whip of Disembowelment {antimagic, rF+ Will+}.
It was a potion of mutation.
You feel extremely strange.
Your thoughts seem clearer.
You feel less encumbered by your armour.
You feel your magical essence link to the dungeon's wands.
You die...

##.# #§.
#.#########
#.# °^
#..........
#.# ##++
#..........
#.# #...
#.#########
#.# #+++
#.# ###
#...### #.#
#.†.## #.#
####..# #.#
######
##^@..##
#.# .>.÷÷##
###...###
#.# #
###.#.###
##..††##
#.# ##
..÷###..#
#.###.# ###
#.
###.#.###
##...## #.
##.##
###'## #.
#.# #8.8#
##########.
#.# #.###
#..........
#.# ##.#
#.########.


There were no monsters in sight!

Vanquished Creatures
  A two-headed ogre (D:9)
  Pikel (D:6)
  A komodo dragon (D:7)
  2 jumping spiders (D:9)
  Sigmund (D:2)
  A wraith (Ossuary)
  A wyvern (D:9)
  16 yaks
  A redback (D:9)
  Duvessa (D:5)
  A black bear (D:5)
  2 sky beasts
  4 orc warriors
  An ice beast (D:7)
  4 ogres
  4 centaurs
  A lemure (D:6)
  A phantom (D:7)
  A kobold brigand (D:9)
  A gnoll sergeant (D:8)
  A bullfrog (D:9)
  2 scorpions
  Dowan (D:5)
  3 wights (D:9)
  2 howler monkeys (D:8)
  3 centaur zombies
  A hound (D:5)
  2 jellies
  8 orc priests
  6 iguanas
  13 orc wizards
  3 killer bee zombies
  A hound skeleton (D:4)
  A mummy (Ossuary)
  7 gnolls
  An adder (D:3)
  2 shadow imps (D:6)
  An adder skeleton (D:4)
  4 worms
  4 dart slugs
  27 orcs
  7 bats
  4 endoplasms
  3 giant cockroaches
  7 goblins
  8 hobgoblins
  8 kobolds
  A quokka (D:4)
  5 ball pythons
  12 frilled lizards
  8 gnoll skeletons (Ossuary)
  9 kobold skeletons (Ossuary)
  8 orc skeletons (Ossuary)
  12 rats
231 creatures vanquished.

Vanquished Creatures (others)
  11 plants
11 creatures vanquished.

Grand Total: 242 creatures vanquished

Notes
Turn   | Place    | Note
-------+----------+-------------------------------------------
     0 | D:1      | cbfl8 the Minotaur Berserker began the quest for the Orb.
     0 | D:1      | Reached XP level 1. HP: 19/19 MP: 0/0
   173 | D:1      | Found a faded altar of an unknown god.
   246 | D:1      | Reached XP level 2. HP: 27/27 MP: 1/1
   255 | D:1      | Reached skill level 4 in Axes
  1237 | D:2      | Reached XP level 3. HP: 33/33 MP: 2/2
  1647 | D:2      | Reached ** piety under Trog
  1908 | D:2      | Reached XP level 4. HP: 41/41 MP: 3/3
  1979 | D:2      | Noticed Sigmund
  1990 | D:2      | Killed Sigmund
  1991 | D:2      | Reached skill level 5 in Axes
  1991 | D:2      | Reached skill level 1 in Stealth
  1991 | D:2      | Reached skill level 1 in Evocations
  1991 | D:2      | Reached XP level 5. HP: 4/47 MP: 4/4
  2477 | D:2      | Found an iron altar of Okawaru.
  2755 | D:3      | Found a broken altar of Ashenzari.
  2994 | D:3      | Reached XP level 6. HP: 43/55 MP: 5/5
  3319 | D:3      | Reached *** piety under Trog
  3738 | D:4      | Reached skill level 5 in Fighting
  3998 | D:4      | Reached XP level 7. HP: 29/61 MP: 6/6
  4411 | D:4      | Reached skill level 6 in Axes
  4714 | D:5      | Entered Level 5 of the Dungeon
  4859 | D:5      | Noticed Dowan
  4861 | D:5      | Noticed Duvessa
  4866 | D:5      | Killed Duvessa
  4866 | D:5      | Reached **** piety under Trog
  4879 | D:5      | Killed Dowan
  5045 | D:5      | Reached skill level 5 in Armour
  5045 | D:5      | Reached XP level 8. HP: 70/70 MP: 7/7
  5388 | D:6      | Reached skill level 7 in Axes
  5531 | D:6      | Noticed Pikel
  5548 | D:6      | Killed Pikel
  5942 | D:6      | Found a staircase to the Ecumenical Temple.
  5977 | D:6      | Reached skill level 8 in Axes
  6246 | D:6      | Reached skill level 5 in Dodging
  6709 | D:6      | Identified the +5 leather armour "Put-Me-On" {rElec}
  6802 | D:7      | Found a transporter.
  6804 | D:7      | Found a transporter.
  6808 | D:7      | Noticed Nonny's ghost (novice VSGl)
  6820 | D:7      | Noticed a moth of wrath
  6838 | D:7      | Found a bloodstained altar of Trog.
  6860 | D:7      | Reached XP level 9. HP: 79/79 MP: 8/8
  6903 | D:7      | Found a sand-covered staircase.
  6923 | Ossuary  | Entered an ossuary
  7808 | D:7      | Noticed a komodo dragon
  7817 | D:7      | Killed a komodo dragon
  7818 | D:7      | Reached skill level 9 in Axes
  8379 | D:8      | Found a glowing silver altar of Zin.
  8417 | D:8      | Reached skill level 1 in Shields
  8446 | D:8      | Reached ***** piety under Trog
  8620 | D:8      | Reached XP level 10. HP: 77/88 MP: 9/9
  8639 | D:8      | Reached skill level 10 in Axes
  9829 | D:8      | Reached skill level 5 in Evocations
 10579 | D:9      | Identified the +1 robe of Ruhes {+Inv Str-5 SInv}
 10587 | D:9      | Received a gift from Trog
 10939 | D:9      | Noticed a two-headed ogre
 10946 | D:9      | Killed a two-headed ogre
 11375 | D:9      | Found a staircase to the Lair.
 11601 | D:9      | Found an opulent altar of Gozag.
 11601 | D:9      | Found a shadowy altar of Dithmenos.
 11614 | D:9      | Found a shimmering blue altar of Sif Muna.
 11616 | D:9      | Found a hazy altar of Hepliaklqana.
 11618 | D:9      | Found a shimmering altar of Xom.
 11788 | D:9      | Found a runed translucent door.
 11800 | D:9      | Reached skill level 11 in Axes
 11801 | D:9      | Identified the +1 hat "Zucvet" {Harm rN+++ Str-4 Int-5}
 11805 | D:9      | Reached XP level 11. HP: 77/97 MP: 10/10
 11810 | D:9      | Identified the +4 whip of Disembowelment {antimagic, rF+
                  | Will+}
 11814 | D:9      | Found a runed translucent gate.
 11814 | D:9      | Found a runed translucent gate.
 11814 | D:9      | Found a runed translucent gate.
 11814 | D:9      | Found a runed translucent gate.
 11814 | D:9      | Noticed a lindwurm
 11814 | D:9      | Noticed a boulder beetle
 11815 | D:9      | Found a runed translucent gate.
 11826 | D:9      | Gained mutation: You possess an exceptional clarity of
                  | mind. [potion of mutation]
 11826 | D:9      | Gained mutation: Your movements are slightly less
                  | encumbered by armour. (ER -2) [potion of mutation]
 11826 | D:9      | Gained mutation: You expend magic power (3 MP) to
                  | strengthen your wands. [potion of mutation]
 11826 | D:9      | Succumbed to a redback's poison

Illustrated notes

Levels and vault maps discovered:
D:1:      elethiomel_arrival_diamonds, layout_loops_corners,
          hellmonk_ecumenical_altar_run_dry
D:2:      layout_loops_ring, basic_altar, uniq_sigmund
D:3:      mumra_celtic_spiral_tile, layout_loops_ring,
          ashenzari_conservatory_becter
D:4:      layout_rooms, grunt_decor_arrowhead, kennysheep_orc_chapel
D:5:      layout_cave_pools, uniq_duvessa
D:6:      layout_basic, minmay_temple_entry_trees, hangedman_decor_push,
          uniq_pikel
D:7:      layout_cave_pools, nicolae_ossuary_entry_monument,
          gammafunk_ghost_wrathful_warriors, minivault_27, minmay_lizard_king
D:8:      layout_loops_ring, mainiacjoe_overflow_concentric_impassable
D:9:      gammafunk_indiana_jones, layout_loops_ring,
          chequers_temple_overflow_minitemple, grunt_ministairs_6,
          minmay_misc_feat_cross

Skill      XL: |  1  2  3  4  5  6  7  8  9 10 |
---------------+-------------------------------+-----
Axes           | 4 5 6 8 9 11 | 11.0
Fighting       | 4 5 6 7 8 9 |  9.2
Armour         | 3 4 5 6 7 8 |  8.8
Dodging        | 3 4 5 6 |  6.8
Stealth        | 1 2 3 4 |  4.4
Evocations     | 1 2 3 4 5 |  5.6
Shields        | 1 4 |  4.2

Action                   |  1- 3 |  4- 6 |  7- 9 | 10-12 || total
-------------------------+-------+-------+-------+-------++-------
Melee: Hand axe          |    86 |   111 |    32 |       ||   229
       Headbutt          |    10 |    15 |    58 |    45 ||   128
       Punch             |       |     2 |       |       ||     2
       War axe           |       |       |   214 |   139 ||   353
       Broad axe         |       |       |       |    44 ||    44
Invok: Berserk           |       |     3 |     4 |     3 ||    10
       Trog's Hand       |       |       |       |     1 ||     1
  Use: Scroll            |       |     5 |     8 |       ||    13
       Potion            |       |       |       |     1 ||     1
Armor: Scale mail        |    43 |    39 |       |       ||    82
       Chain mail        |       |    10 |   133 |    73 ||   216
Dodge: Dodged            |    40 |    54 |   122 |    82 ||   298
Block: Buckler           |       |       |    11 |    28 ||    39
